 Dungeon Crawl Stone Soup version 0.24.1-14-gf8d2b509d9 (console) character file.

Game seed: 2788840045479632241, levelgen mode: deterministic

66 Kagalorn the Sneak (level 4, -3/27 HPs)
             Began as an Octopode Earth Elementalist on July 18, 2020.
             Slain by Sigmund
             ... wielding a +0 scythe
              (7 damage)
             ... on level 3 of the Dungeon.
             The game lasted 00:04:24 (1678 turns).

Kagalorn the Sneak (Octopode Earth Elementalist)    Turns: 1678, Time: 00:04:24

Health: -3/27      AC:  1    Str:  4 (7)  XL:     4   Next: 15%
Magic:  8/8        EV: 13    Int: 20 (23) God:
Gold:   24         SH:  0    Dex: 10 (12) Spells: 5/8 levels left

rFire    . . .     SeeInvis .   a - +2 dagger (elec)
rCold    . . .     Gourm    .   (no shield)
rNeg     . . .     Faith    .   (helmet restricted)
rPois    .         Spirit   .   (no amulet)
rElec    .         Reflect  .   (no ring)
rCorr    .         Harm     .   (no ring)
MR       .....                  (no ring)
Stlth    +++.......             (no ring)
HPRegen  0.09/turn              (no ring)
MPRegen  0.11/turn              (no ring)
                                (no ring)
                                (no ring)

@: brilliant, flying
A: almost no armour, stealthy swim, amphibious, 8 rings, constrict 8, camouflage
1, gelatinous body 1
a: no special abilities


You were on level 3 of the Dungeon.
You were not hungry.

You visited 1 branch of the dungeon, and saw 3 of its levels.

You collected 24 gold pieces.

Inventory:

Hand Weapons
 a - a +2 dagger of electrocution (weapon)
 e - a +4 dagger
 m - a +0 dagger of venom
 q - a +0 broad axe
Missiles
 b - 115 stones (quivered)
Jewellery
 d - an uncursed ring of protection from magic
Scrolls
 h - a scroll of blinking {unknown}
 j - a scroll of random uselessness {unknown}
 l - a scroll of enchant armour {unknown}
 n - a scroll of identify {unknown}
 o - a scroll of fog {unknown}
 p - a scroll of remove curse {unknown}
Potions
 g - a potion of degeneration
 i - a potion of magic {unknown}
 r - a potion of curing {unknown}
Comestibles
 c - 7 rations
 s - a chunk of flesh


   Skills:
 - Level 2.0 Dodging
 + Level 4.0 Stealth
 + Level 2.7 Spellcasting
 + Level 1.3 Transmutations
 + Level 3.6 Earth Magic


You had 5 spell levels left.
You knew the following spells:

 Your Spells              Type           Power        Failure   Level  Hunger
a - Sandblast             Erth           ####..       1%          1    None
g - Passwall              Tmut/Erth      ###.....     1%          2    ##.....

Your spell library contained the following spells:

 Spells                   Type           Power        Failure   Level  Hunger
 Stone Arrow              Conj/Erth      ###...       2%          3    ###....
 Petrify                  Tmut/Erth      ###.....     6%          4    ####...
 Lee's Rapid Deconstruct  Erth           ####......   10%         5    ######.


Dungeon Overview and Level Annotations

Branches:
Dungeon (3/15)

Altars:
Ashenzari

Annotations:
D:3 Sigmund


Innate Abilities, Weirdness & Mutations

You cannot wear most types of armour.
You are very stealthy in the water. (Stealth+)
You are amphibious.
You can wear up to eight rings at the same time.
You can use your tentacles to constrict eight enemies at once.
Your skin changes colour to match your surroundings (Stealth+).
Your rubbery body absorbs attacks. (AC +1, EV +1)


Message History

Okay, then.
Sigmund casts a spell at you. The magic dart hits you!
* * * LOW HITPOINT WARNING * * *
Okay, then.
It was a potion of degeneration.
There was something very wrong with that liquid.
You feel weakened.
You feel dopey.
You feel clumsy.
Sigmund points at you and mumbles some strange words.
The puff of flame hits you.
* * * LOW HITPOINT WARNING * * *
It was a potion of brilliance.
You feel clever all of a sudden.
Sigmund's eyes start glowing with a red light.
It was a potion of flight.
You feel very buoyant.
You fly up into the air.
Sigmund's eyes start glowing with a red light.
Sigmund hits you from afar with a +0 scythe!
You die...

####...### #.###...#
#........# #.###..##
#.###.##.# #..#...# ## #.#
#.##.# #..#..## .. #.# #.##.#
#.._..## #. #.# #.##.#
#..#...## #. #.###..#.#
##..#....#
>.#.##.##........###..###....
..........@.@......'..###....
...###.######...####..###....
#. #..## ##.......# #. ...##
##.....## .. #.### ##...## ##
#. ##+## ♣


You could see Sigmund.

Vanquished Creatures
  Jessica (D:2)
  A dart slug (D:1)
  2 bats
  2 giant cockroaches (D:1)
  8 goblins
  4 hobgoblins (D:1)
  3 jackals (D:1)
  4 kobolds
  3 ball pythons
  2 frilled lizards (D:1)
  3 rats
33 creatures vanquished.

Notes
Turn   | Place    | Note
-------+----------+-------------------------------------------
     0 | D:1      | Kagalorn the Octopode Earth Elementalist began the quest
                  | for the Orb.
     0 | D:1      | Reached XP level 1. HP: 11/11 MP: 3/3
    96 | D:1      | Reached skill level 3 in Stealth
   145 | D:1      | Reached XP level 2. HP: 17/17 MP: 5/5
   407 | D:1      | Reached XP level 3. HP: 21/21 MP: 6/6
   589 | D:1      | You fall into a shaft and drop 1 floor!
  1150 | D:2      | Noticed Jessica
  1489 | D:2      | Learned a level 2 spell: Passwall
  1511 | D:2      | Killed Jessica
  1511 | D:2      | Reached skill level 4 in Stealth
  1511 | D:2      | Reached XP level 4. HP: 27/27 MP: 6/8
  1559 | D:3      | Found a shattered altar of Ashenzari.
  1667 | D:3      | Noticed Sigmund
  1678 | D:3      | Slain by Sigmund

Levels and vault maps discovered:
D:1:      nagdon_arrival_zigzag_paths, layout_basic
D:2:      layout_loops_ring, minmay_misc_feat_four_crosses,
          minmay_misc_feat_tower, uniq_jessica
D:3:      layout_loops_corners, cheibrodos_ashenzari_chains, serial_forest,
          infiniplex_forest_straight_3, infiniplex_forest_clump_medium,
          infiniplex_forest_straight_1, infiniplex_forest_lined_2,
          infiniplex_forest_clump_long, infiniplex_forest_end_2,
          infiniplex_forest_clump_long, infiniplex_forest_zigzag_2,
          infiniplex_forest_end_2, first_ration, yredelemnul_altar_generic,
          uniq_sigmund

Skill      XL: |  1  2  3 |
---------------+----------+-----
Stealth        | 3 4 |  4.0
Dodging        | |  2.0
Spellcasting   | |  2.7
Transmutations | |  1.3
Earth Magic    | |  3.6

Action                   |  1- 3 |  4- 6 || total
-------------------------+-------+-------++-------
Melee: Dagger            |    47 |     4 ||    51
       Unarmed           |     3 |       ||     3
       Constrict         |    15 |       ||    15
       Tentacles         |     7 |     1 ||     8
 Cast: Sandblast         |     3 |       ||     3
  Use: Potion            |       |     3 ||     3
 Stab: Sleeping          |     8 |     3 ||    11
  Eat: Chunk             |     1 |     1 ||     2
Armor: Skin              |     2 |       ||     2
Dodge: Dodged            |    32 |     1 ||    33
